 Dungeon Crawl Stone Soup version 0.24-a0-640-ge7cd8ce (webtiles) character file.

Game seed: 14061532076615149075, levelgen mode: deterministic

10683 pichaelthompson the Thaumaturge (level 11, -9/86 HPs)
             Began as a Gnoll Skald on Sept 22, 2019.
             Was a Priest of Ashenzari.
             Killed from afar by Fannar (16 damage)
             ... with a bolt of cold
             ... on level 10 of the Dungeon on Sept 24, 2019.
             The game lasted 00:45:01 (13917 turns).

pichaelthompson the Thaumaturge (Gnoll Skald)      Turns: 13917, Time: 00:45:01

Health: -9/86      AC: 15    Str: 14    XL:     11   Next: 65%
Magic:  9/23       EV: 13    Int: 16    God:    Ashenzari [***...]
Gold:   396        SH: 12    Dex: 17    Spells: 11/26 levels left

rFire    + . .     SeeInvis +   x - +0 trident
rCold    . . .     Gourm    .   Q - +1 shield {reflect} (curse)
rNeg     . . .     Faith    .   y - +1 scale mail {rF+} (curse)
rPois    +         Spirit   .   w - +1 helmet (curse)
rElec    .         Reflect  +   n - +1 cloak {rPois} (curse)
rCorr    +         Harm     .   v - +0 pair of gloves
MR       .....                  (no boots)
Stlth    ++........             e - amulet of regeneration (curse)
HPRegen  1.64/turn              a - ring of wizardry (curse)
MPRegen  0.18/turn              D - ring of resist corrosion

@: regenerating, drained
A: distributed training, fangs 1, strong nose
a: Curse Item, Scrying, Renounce Religion


You were on level 10 of the Dungeon.
You worshipped Ashenzari.
Ashenzari was most pleased with you.
You were not hungry.

You visited 3 branches of the dungeon, and saw 13 of its levels.
You visited 1 bazaar.
You also visited: Sewer.

You collected 844 gold pieces.
You spent 448 gold pieces at shops.

Inventory:

Hand Weapons
 x - a +0 trident (weapon)
Missiles
 C - 15 boomerangs (quivered)
Armour
 n - a cursed +1 cloak of poison resistance (worn)
 v - a +0 pair of gloves (worn)
 w - a cursed +1 helmet (worn)
 y - a cursed +1 scale mail of fire resistance (worn)
 P - +0 acid dragon scales
 Q - a cursed +1 shield of reflection (worn)
Jewellery
 a - a cursed ring of wizardry (left hand)
 e - a cursed amulet of regeneration (around neck)
 s - the amulet of Oniuvi Madgh {Acrobat rN+ Stlth+}
   (You found it on level 7 of the Dungeon)

   [amulet of the acrobat]

   It helps you evade while moving and waiting.
   It protects you from negative energy.
   It makes you more stealthy.
 D - a ring of resist corrosion (right hand)
Wands
 p - a wand of flame (19)
 F - a wand of paralysis (10)
 L - a wand of iceblast (6)
 M - a wand of digging (1)
Scrolls
 c - a scroll of random uselessness {unknown}
 g - 2 scrolls of noise {unknown}
 h - 6 scrolls of teleportation
 i - 3 scrolls of amnesia {unknown}
 j - 5 scrolls of magic mapping {unknown}
 m - 3 scrolls of immolation {unknown}
 t - 3 scrolls of remove curse
 H - 2 scrolls of enchant armour {unknown}
 J - a scroll of identify
 K - 2 scrolls of fog {unknown}
 O - a scroll of acquirement {unknown}
Potions
 b - a potion of heal wounds
 f - 2 potions of cancellation
 k - 6 potions of curing
 l - a potion of agility
 o - 2 potions of resistance
 q - 3 potions of ambrosia
 r - 3 potions of berserk rage
 u - a potion of might
 z - a potion of brilliance
 A - 2 potions of lignification {unknown}
 B - a potion of mutation {unknown}
 E - a potion of flight {unknown}
 G - a potion of haste
 I - 2 potions of degeneration {unknown}
Comestibles
 d - 24 rations


   Skills:
 + Level 7.9(7.2) Fighting
 + Level 6.4(5.7) Short Blades
 + Level 6.4(5.7) Long Blades
 + Level 6.4(5.7) Axes
 + Level 6.4(5.7) Maces & Flails
 + Level 7.9(7.2) Polearms
 + Level 6.4(5.7) Staves
 + Level 6.4(5.7) Slings
 + Level 6.4(5.7) Bows
 + Level 6.4(5.7) Crossbows
 + Level 6.4(5.7) Throwing
 + Level 6.9(8.2) Armour
 + Level 7.9(9.1) Dodging
 + Level 6.4(5.7) Stealth
 + Level 6.4(7.6) Shields
 + Level 6.4(5.7) Unarmed Combat
 + Level 8.2(7.5) Spellcasting
 + Level 5.3(6.5) Conjurations
 + Level 5.3(6.5) Hexes
 + Level 7.7(8.9) Charms
 + Level 5.3(6.5) Summonings
 + Level 5.3(6.5) Necromancy
 + Level 5.3(6.5) Translocations
 + Level 5.3(6.5) Transmutations
 + Level 5.3(6.5) Fire Magic
 + Level 5.3(6.5) Ice Magic
 + Level 5.3(6.5) Air Magic
 + Level 5.3(6.5) Earth Magic
 + Level 5.3(6.5) Poison Magic
 + Level 7.0(6.3) Invocations
 + Level 6.4(7.6) Evocations


You had 11 spell levels left.
You knew the following spells:

 Your Spells              Type           Power        Failure   Level  Hunger
a - Infusion              Chrm           ####         1%          1    None
b - Spectral Weapon       Hex/Chrm       ####....     5%          3    ##.....
c - Regeneration          Chrm/Necr      ####......   5%          3    ##.....
d - Searing Ray           Conj           ####..       4%          2    None
e - Blink                 Tloc           N/A          4%          2    None
f - Iskenderun's Mystic   Conj           ####....     28%         4    ####...

Your spell library contained the following spells:

 Spells                   Type           Power        Failure   Level  Hunger
 Song of Slaying          Chrm           ####....     1%          2    None
 Shroud of Golubria       Chrm/Tloc      ####..       2%          2    None
 Corona                   Hex            ####...      3%          1    None
 Magic Dart               Conj           ####         3%          1    None
 Call Imp                 Summ           ####....     4%          2    None
 Ensorcelled Hibernation  Hex/Ice        ####..       4%          2    None
 Slow                     Hex            ####....     4%          2    None
 Confuse                  Hex            ####....     9%          3    ##.....
 Conjure Flame            Conj/Fire      ####....     9%          3    ##.....
 Dazzling Spray           Conj/Hex       ####..       9%          3    ##.....
 Mephitic Cloud           Conj/Pois/Air  ####....     9%          3    ##.....
 Tukima's Dance           Hex            ####....     9%          3    ##.....
 Force Lance              Conj/Tloc      ####....     28%         4    ####...
 Fulminant Prism          Conj/Hex       ####......   28%         4    ####...


Dungeon Overview and Level Annotations

Branches:
Dungeon (11/15)            Temple (1/1) D:7            Lair (0/6) D:8
    Orc (1/2) D:10          Sewer (visited)

Altars:
Ashenzari
Cheibriados
Dithmenos
Elyvilon
Fedhas
Gozag
Hepliaklqana
Kikubaaqudgha
Makhleb
Nemelex Xobeh
Okawaru
Qazlal
Ru
Sif Muna
Trog
Uskayaw
Vehumet
Wu Jian
Xom
Yredelemnul
Zin
The Shining One

Shops:
D:4 !*   D:8 *=   D:11 *

Annotations:
D:8 1 runed translucent door
D:10 Fannar
Orc:1 1 runed translucent door, Wabluisch's ghost, journeyman DsGl


Innate Abilities, Weirdness & Mutations

Your experience applies equally to all skills.
You have very sharp teeth.
Your uncanny sense of smell can sniff out nearby items.


Message History

Fannar murmurs some mystic words to themself.
Fannar hits you but does no damage.
You hit Fannar but do no damage. You bite Fannar, but do no damage.
Fannar is severely wounded.
Your spectral weapon misses Fannar.
Fannar casts a spell.
Fannar drains the heat from the surrounding environment!
You feel very cold.
* * * LOW HITPOINT WARNING * * *
Fannar and your spectral weapon are frozen.
Fannar resists.
Your spectral weapon resists.
Your spectral weapon shares its damage with you!
* * * LOW HITPOINT WARNING * * *
Casting: Regeneration (safe; 5% risk of failure)
Confirm with . or Enter, or press ? or * to list all spells.
Your skin crawls.
Fannar points at you and mumbles some strange words.
The bolt of cold hits you!
You die...

#.####### #.# ##.#
...# ##### ### ###
###8###8###8#######
.#(..#...#...#.(≈§#
.........^...#.e≈≈#
.............'..@≈#
.............#..≈≈#
.#...#...#...#.≈≈≈#
###.###8###8#######
# ### ### ###


You could see Fannar and a friendly spectral +0 trident.

Vanquished Creatures
  A hydra (D:8)
  A two-headed ogre (D:10)
  2 ugly things (D:11)
  Maurice (Orc:1)
  A queen bee (D:10)
  2 trolls
  A spriggan (D:7)
  A hungry ghost (D:8)
  Edmund (D:6)
  An acid dragon (D:11)
  2 wargs
  4 sky beasts
  11 orc warriors
  A black bear (D:8)
  A necrophage (D:11)
  An ice beast (D:8)
  2 phantoms
  3 centaurs
  8 ogres
  A big kobold (D:9)
  4 bullfrogs
  A wyvern skeleton (D:6)
  2 scorpions
  31 killer bees
  A howler monkey (D:9)
  6 crimson imps
  2 bullfrog skeletons
  3 centaur zombies
  A bullfrog zombie (D:11)
  A gnoll shaman (D:8)
  6 hounds
  6 jellies
  A quasit (D:9)
  11 orc priests
  Crazy Yiuf (D:2)
  7 worker ants
  A centaur skeleton (D:6)
  5 iguanas
  Natasha (twice) (D:2)
  10 orc wizards
  2 hound zombies
  3 hound skeletons
  Robin (D:2)
  8 gnolls
  15 adders
  A shadow imp (D:7)
  2 adder zombies (D:7)
  An adder skeleton (D:9)
  A worm (D:2)
  4 dart slugs
  9 leopard geckos
  61 orcs
  7 ball pythons
  8 giant cockroaches
  5 hobgoblins
  4 jackals (Sewer)
  3 quokkas
  7 bats
  14 frilled lizards
  13 goblins
  A jackal skeleton (D:4)
  21 kobolds
  10 rats
  A plant (Sewer)
350 creatures vanquished.

Vanquished Creatures (others)
  An orc (Orc:1)
  8 spectral weapons
9 creatures vanquished.

Grand Total: 359 creatures vanquished

Notes
Turn   | Place    | Note
-------+----------+-------------------------------------------
     0 | D:1      | pichaelthompson the Gnoll Skald began the quest for the
                  | Orb.
     0 | D:1      | Reached XP level 1. HP: 20/20 MP: 6/6
   117 | D:1      | Reached XP level 2. HP: 18/26 MP: 7/7
   541 | D:2      | Noticed Robin
   549 | D:1      | Reached XP level 3. HP: 24/31 MP: 9/9
   555 | D:1      | Reached skill level 5 in Spellcasting
   788 | D:1      | Learned a level 3 spell: Spectral Weapon
   792 | D:1      | Learned a level 3 spell: Regeneration
  1104 | D:2      | Reached skill level 1 in Invocations
  1302 | D:2      | Noticed Natasha
  1312 | D:2      | Killed Natasha
  1312 | D:2      | Reached skill level 1 in Short Blades
  1312 | D:2      | Reached skill level 1 in Long Blades
  1312 | D:2      | Reached skill level 1 in Axes
  1312 | D:2      | Reached skill level 1 in Maces & Flails
  1312 | D:2      | Reached skill level 1 in Staves
  1312 | D:2      | Reached skill level 1 in Slings
  1312 | D:2      | Reached skill level 1 in Bows
  1312 | D:2      | Reached skill level 1 in Crossbows
  1312 | D:2      | Reached skill level 1 in Throwing
  1312 | D:2      | Reached skill level 1 in Stealth
  1312 | D:2      | Reached skill level 1 in Shields
  1312 | D:2      | Reached skill level 1 in Unarmed Combat
  1312 | D:2      | Reached skill level 1 in Evocations
  1312 | D:2      | Reached XP level 4. HP: 33/38 MP: 7/11
  1422 | D:2      | Killed Robin
  1434 | D:2      | Upgraded the game from 0.24-a0-639-gb70a11d to
                  | 0.24-a0-640-ge7cd8ce
  1463 | D:2      | Found a blossoming altar of Fedhas.
  1715 | D:2      | Noticed Natasha
  1726 | D:2      | Killed Natasha
  1726 | D:2      | Reached skill level 1 in Conjurations
  1726 | D:2      | Reached skill level 1 in Hexes
  1726 | D:2      | Reached skill level 1 in Summonings
  1726 | D:2      | Reached skill level 1 in Necromancy
  1726 | D:2      | Reached skill level 1 in Translocations
  1726 | D:2      | Reached skill level 1 in Transmutations
  1726 | D:2      | Reached skill level 1 in Fire Magic
  1726 | D:2      | Reached skill level 1 in Ice Magic
  1726 | D:2      | Reached skill level 1 in Air Magic
  1726 | D:2      | Reached skill level 1 in Earth Magic
  1726 | D:2      | Reached skill level 1 in Poison Magic
  1731 | D:2      | Reached XP level 5. HP: 38/43 MP: 6/12
  1871 | D:2      | Found a runed translucent door.
  1872 | D:2      | Noticed Crazy Yiuf
  1883 | D:2      | Killed Crazy Yiuf
  1977 | D:3      | Learned a level 2 spell: Searing Ray
  2108 | D:3      | Found an iron altar of Okawaru.
  2228 | D:3      | Found a shattered altar of Ashenzari.
  2467 | D:3      | Became a worshipper of Ashenzari the Shackled
  2538 | D:3      | Reached XP level 6. HP: 32/50 MP: 13/13
  3128 | D:4      | Found a glowing drain.
  3135 | D:4      | Reached skill level 5 in Fighting
  3135 | D:4      | Reached skill level 5 in Polearms
  3135 | D:4      | Reached skill level 5 in Dodging
  3271 | Sewer    | Entered a sewer
  4012 | D:4      | Found Pusuwn's Distillery.
  4085 | D:4      | Bought a potion of heal wounds for 70 gold pieces
  4085 | D:4      | Bought a potion of curing for 42 gold pieces
  4135 | D:4      | Reached XP level 7. HP: 42/56 MP: 12/15
  4417 | D:4      | Found Westaon's Elemental Accessories.
  4796 | D:5      | Entered Level 5 of the Dungeon
  5127 | D:5      | Reached * piety under Ashenzari
  5237 | D:5      | Reached XP level 8. HP: 63/63 MP: 16/16
  5515 | D:5      | Reached skill level 6 in Spellcasting
  6275 | D:6      | Learned a level 2 spell: Blink
  6568 | D:6      | Reached XP level 9. HP: 68/69 MP: 18/18
  6784 | D:6      | Noticed Edmund
  6796 | D:6      | Killed Edmund
  6985 | D:7      | Identified the amulet of Oniuvi Madgh {Acrobat rN+ Stlth+}
  7019 | D:7      | Found a staircase to the Ecumenical Temple.
  7043 | Temple   | Entered the Ecumenical Temple
  7441 | D:7      | Found a sparkling altar of Nemelex Xobeh.
  7441 | D:7      | Found a hide-covered altar of Uskayaw.
  7454 | D:7      | Reached skill level 5 in Armour
  7978 | D:8      | Reached skill level 5 in Invocations
  8068 | D:8      | Reached ** piety under Ashenzari
  8142 | D:8      | Found a staircase to the Lair.
  8259 | D:8      | Reached XP level 10. HP: 71/77 MP: 18/20
  8271 | D:8      | Reached skill level 7 in Spellcasting
  8549 | D:8      | Found Oscheest's Jewellery Shoppe.
  8558 | D:8      | Found Ydum's General Store.
  8574 | D:8      | Noticed a sixfirhy
  8575 | D:8      | Found a runed translucent door.
  8691 | D:8      | Paralysed by an orc warrior for 6 turns
  8718 | D:8      | Reached skill level 5 in Short Blades
  8718 | D:8      | Reached skill level 5 in Long Blades
  8718 | D:8      | Reached skill level 5 in Axes
  8718 | D:8      | Reached skill level 5 in Maces & Flails
  8718 | D:8      | Reached skill level 5 in Staves
  8718 | D:8      | Reached skill level 5 in Slings
  8718 | D:8      | Reached skill level 5 in Bows
  8718 | D:8      | Reached skill level 5 in Crossbows
  8718 | D:8      | Reached skill level 5 in Throwing
  8718 | D:8      | Reached skill level 5 in Stealth
  8718 | D:8      | Reached skill level 5 in Shields
  8718 | D:8      | Reached skill level 5 in Unarmed Combat
  8718 | D:8      | Reached skill level 5 in Evocations
  8879 | D:8      | Found a bloodstained altar of Trog.
  8972 | D:8      | Noticed an eight-headed hydra
  8987 | D:8      | HP: 3/77 [eight-headed hydra (1)]
  8987 | D:8      | HP: 1/77 [eight-headed hydra (2)]
 10015 | D:9      | Found an iron altar of Okawaru.
 10234 | D:8      | Killed an eight-headed hydra
 10325 | D:10     | Entered Level 10 of the Dungeon
 10325 | D:10     | Noticed a two-headed ogre
 11685 | D:9      | Reached XP level 11. HP: 74/84 MP: 20/22
 12047 | D:10     | Killed a two-headed ogre
 12233 | D:10     | Reached skill level 5 in Conjurations
 12233 | D:10     | Reached skill level 5 in Hexes
 12233 | D:10     | Reached skill level 5 in Summonings
 12233 | D:10     | Reached skill level 5 in Necromancy
 12233 | D:10     | Reached skill level 5 in Translocations
 12233 | D:10     | Reached skill level 5 in Transmutations
 12233 | D:10     | Reached skill level 5 in Fire Magic
 12233 | D:10     | Reached skill level 5 in Ice Magic
 12233 | D:10     | Reached skill level 5 in Air Magic
 12233 | D:10     | Reached skill level 5 in Earth Magic
 12233 | D:10     | Reached skill level 5 in Poison Magic
 12365 | D:10     | Found a staircase to the Orcish Mines.
 12710 | D:10     | Learned a level 4 spell: Iskenderun's Mystic Blast
 12776 | D:11     | Reached skill level 8 in Spellcasting
 12802 | D:11     | Noticed a white ugly thing
 12818 | D:11     | Killed a white ugly thing
 12841 | D:11     | Noticed a white ugly thing
 12850 | D:11     | Killed a white ugly thing
 12866 | D:11     | Found a flickering gateway to a bazaar.
 12875 | Bazaar   | Entered a bazaar
 12893 | Bazaar   | Found Xuijadyo's Book Emporium.
 12912 | Bazaar   | Found Ruxojor's Armour Emporium.
 12912 | Bazaar   | Found Obobon's Food Shoppe.
 12937 | Bazaar   | Found Heotwatz's Book Shoppe.
 12958 | Bazaar   | Found Liutaer's Assorted Antiques.
 13009 | D:11     | Found Qagh's Assorted Antiques.
 13048 | D:11     | Bought a scroll of remove curse for 96 gold pieces
 13048 | D:11     | Bought a shiny shield for 240 gold pieces
 13187 | Orc:1    | Entered Level 1 of the Orcish Mines
 13221 | Orc:1    | Noticed Maurice
 13488 | Orc:1    | Killed Maurice
 13688 | Orc:1    | Found a runed translucent door.
 13688 | Orc:1    | Found a shimmering altar of Xom.
 13688 | Orc:1    | Noticed Wabluisch's ghost (journeyman DsGl)
 13688 | Orc:1    | Noticed a +0 flail of chaos
 13693 | Orc:1    | Reached *** piety under Ashenzari
 13823 | Orc:1    | Noticed an orc sorcerer
 13824 | Orc:1    | Noticed Fannar
 13826 | Orc:1    | Noticed an orc sorcerer
 13846 | Orc:1    | Noticed a soul eater
 13917 | D:10     | Killed from afar by Fannar

Levels and vault maps discovered:
D:1:      zaba_arrival_water, layout_basic
D:2:      layout_basic, fedhas_ov_isle_minmay, uniq_natasha,
          uniq_crazy_yiuf_cottage, uniq_robin
D:3:      layout_loops_ring, old_standard_altar, overflow_temple_1_default,
          kennysheep_generic_room_4
D:4:      layout_loops_ring, serial_shops, shop, portal_sewer_entry_c,
          first_ration, nicolae_elemental_shop
D:5:      layout_basic, minmay_divided_ellipse
D:6:      layout_loops_cross, uniq_edmund
D:7:      layout_loops_ring, chequers_temple_overflow_statue_of_worship,
          minmay_temple_entry_waves, the_bakery
D:8:      cheibrodos_shockbox, layout_loops_cross, erik_lair_orcish_takeover,
          serial_shops, shop, shop_statue, kennysheep_mini, trog_ov_bears_minmay
D:9:      layout_loops_ring, grunt_ministairs_11, grunt_decor_mini_mirrors,
          okawaru_ov_weapons_minmay
D:10:     layout_basic, david_orc_4, minivault_7
D:11:     layout_roguey, serial_shops, bzr_entry_gold, nicolae_shop_crystal,
          shop_fountains, nicolae_shop_crystal, shop,
          gammafunk_ghost_wrathful_warriors, uniq_josephine
Temple:   eino_narrow_crystal_temple
Orc:1:    layout_caves, ebering_ghost_xom, mines2_david, uniq_fannar,
          uniq_gastronok, uniq_maurice

Skill      XL: |  1  2  3  4  5  6  7  8  9 10 11 |
---------------+----------------------------------+-----
Spellcasting   | 5 6 7 8 |  8.2
Invocations    | 1 2 3 4 5 6 7 |  7.0
Short Blades   | 1 2 3 4 5 6 |  6.4
Long Blades    | 1 2 3 4 5 6 |  6.4
Axes           | 1 2 3 4 5 6 |  6.4
Maces & Flails | 1 2 3 4 5 6 |  6.4
Staves         | 1 2 3 4 5 6 |  6.4
Slings         | 1 2 3 4 5 6 |  6.4
Bows           | 1 2 3 4 5 6 |  6.4
Crossbows      | 1 2 3 4 5 6 |  6.4
Throwing       | 1 2 3 4 5 6 |  6.4
Stealth        | 1 2 3 4 5 6 |  6.4
Shields        | 1 2 3 4 5 6 |  6.4
Unarmed Combat | 1 2 3 4 5 6 |  6.4
Evocations     | 1 2 3 4 5 6 |  6.4
Conjurations   | 1 2 3 4 5 |  5.3
Hexes          | 1 2 3 4 5 |  5.3
Summonings     | 1 2 3 4 5 |  5.3
Necromancy     | 1 2 3 4 5 |  5.3
Translocations | 1 2 3 4 5 |  5.3
Transmutations | 1 2 3 4 5 |  5.3
Fire Magic     | 1 2 3 4 5 |  5.3
Ice Magic      | 1 2 3 4 5 |  5.3
Air Magic      | 1 2 3 4 5 |  5.3
Earth Magic    | 1 2 3 4 5 |  5.3
Poison Magic   | 1 2 3 4 5 |  5.3
Armour         | 3 4 5 6 |  6.9
Fighting       | 5 6 7 |  7.9
Polearms       | 5 6 7 |  7.9
Dodging        | 5 6 7 |  7.9
Charms         | 6 7 |  7.7

Action                   |  1- 3 |  4- 6 |  7- 9 | 10-12 || total
-------------------------+-------+-------+-------+-------++-------
Melee: Spear             |   127 |   434 |    52 |       ||   613
       Bite              |     6 |    42 |    64 |    81 ||   193
       Punch             |     1 |     5 |     8 |    25 ||    39
       Trident           |       |       |   472 |   873 ||  1345
Throw: Boomerang         |       |       |       |    27 ||    27
 Cast: Spectral Weapon   |     1 |     7 |    18 |    35 ||    61
       Regeneration      |       |       |     4 |    12 ||    16
       Searing Ray       |       |       |       |     4 ||     4
       Blink             |       |       |       |     2 ||     2
       Iskenderun's Myst |       |       |       |     2 ||     2
Invok: Curse Item        |       |       |     2 |     4 ||     6
Evoke: Wand              |       |       |       |     1 ||     1
  Use: Scroll            |       |       |     7 |     1 ||     8
       Potion            |       |       |     1 |     2 ||     3
 Stab: Distracted        |     1 |       |     1 |     4 ||     6
       Sleeping          |       |     1 |     1 |     2 ||     4
  Eat: Chunk             |     1 |    11 |    17 |    15 ||    44
       Ration            |       |       |       |     2 ||     2
Armor: Leather armour    |    37 |     5 |       |       ||    42
       Ring mail         |       |    93 |    86 |       ||   179
       Scale mail        |       |       |    77 |   527 ||   604
Dodge: Dodged            |    93 |   201 |   315 |   813 ||  1422
Block: Shield            |       |       |       |    40 ||    40
       Reflection        |       |       |       |     5 ||     5

Table legend:
 A = Non-vault XP
 B = Vault XP
 C = Vault XP percentage of total XP
 D = Non-vault monster count
 E = Vault monster count
 F = Vault count percentage of total count
                 A         B        C        D         E       F
            +---------+---------+-------+---------+---------+-------
      Total |   10978 |    4284 |  28.1 |     243 |     107 |  30.6
            +---------+---------+-------+---------+---------+-------
        D:1 |      35 |       8 |  18.6 |      21 |       4 |  16.0
        D:2 |      84 |     103 |  55.1 |      15 |      10 |  40.0
        D:3 |     154 |       1 |   0.6 |      24 |       1 |   4.0
        D:4 |     429 |      33 |   7.1 |      22 |       7 |  24.1
        D:5 |     724 |     349 |  32.5 |      21 |       5 |  19.2
        D:6 |     834 |     176 |  17.4 |      19 |       1 |   5.0
        D:7 |     732 |     364 |  33.2 |      20 |       2 |   9.1
        D:8 |    1969 |     623 |  24.0 |      24 |      10 |  29.4
        D:9 |    1446 |    1049 |  42.0 |      24 |      20 |  45.5
       D:10 |    1761 |    1109 |  38.6 |      17 |      22 |  56.4
       D:11 |    1943 |       0 |   0.0 |      14 |       0 |   0.0
      Orc:1 |     867 |     424 |  32.8 |      22 |       2 |   8.3
      Sewer |       0 |      45 | 100.0 |       0 |      23 | 100.0
            +---------+---------+-------+---------+---------+-------
